BSA
NASSAU ROCKETS @ IRVINE GANG GREEN
06/24/2029
 
TOP OF THE 1ST
Nassau Rockets batting - Pitching for Irvine Gang Green : LHP Millard Curtis
Pitching: LHP Millard Curtis
Batting: LHB Andrew Alvarado 0-0: Ground out 5-3 (Groundball, 56)
Batting: LHB Juan Romero 0-0: Called Strike
0-1: Ball
1-1: Ground out 5-3 (Groundball, 56S)
Batting: RHB Kenji Kudo 0-0: Called Strike
0-1: Called Strike
0-2: Strikes out swinging
Top of the 1st over - 0 runs, 0 hits, 0 errors, 0 left on base; Nassau 0 - Irvine 0
BOTTOM OF THE 1ST
Irvine Gang Green batting - Pitching for Nassau Rockets : LHP Ben Moody
Pitching: LHP Ben Moody
Batting: RHB Tyler Wagner 0-0: Ball
1-0: Foul Ball, location: 2F
1-1: Called Strike
1-2: Ground out 6-3 (Groundball, 6)
Batting: RHB Don Hooper 0-0: Called Strike
0-1: Called Strike
0-2: Ball
1-2: Ball
2-2: Strikes out swinging
Batting: RHB Eduardo García 0-0: Called Strike
0-1: Called Strike
0-2: SINGLE (Groundball, 4MD)
Batting: LHB Víctor Quiñones 0-0: Ball
1-0: Foul Ball, location: 2F
1-1: Foul Ball, location: 2F
1-2: Strikes out looking and he physically ARGUES THE CALL AND IS TOSSED!
Bottom of the 1st over - 0 runs, 1 hit, 0 errors, 1 left on base; Nassau 0 - Irvine 0
TOP OF THE 2ND
Nassau Rockets batting - Pitching for Irvine Gang Green : LHP Millard Curtis
Now at 1B: José Sánchez
Batting: RHB Salvador Borbón 0-0: Swinging Strike
0-1: Swinging Strike
0-2: Ball
1-2: Strikes out swinging
Batting: LHB Don Ramey 0-0: Called Strike
0-1: Swinging Strike
0-2: Ground out 5-3 (Groundball, 5L)
Batting: SHB Edgardo Osorio 0-0: SINGLE (Line Drive, 8LS)
Batting: RHB John Anderson 0-0: Ground out 4-3 (Groundball, 34)
Top of the 2nd over - 0 runs, 1 hit, 0 errors, 1 left on base; Nassau 0 - Irvine 0
BOTTOM OF THE 2ND
Irvine Gang Green batting - Pitching for Nassau Rockets : LHP Ben Moody
Batting: RHB Wilson López 0-0: Called Strike
0-1: Foul Ball, location: 2F
0-2: Ball
1-2: Foul Ball, location: 2F
1-2: Foul Ball, location: 2F
1-2: Ball
2-2: Ball
3-2: Fly out, F4 (Line Drive, 4)
Batting: RHB José Salazar 0-0: Ball
1-0: Ball
2-0: Ball
3-0: Called Strike
3-1: Foul Ball, location: 2F
3-2: Fly out, F8 (Line Drive, 8LXD)
Batting: RHB Tom Doherty 0-0: Ball
1-0: Fly out, F9 (Flyball, 9S)
Bottom of the 2nd over - 0 runs, 0 hits, 0 errors, 0 left on base; Nassau 0 - Irvine 0
TOP OF THE 3RD
Nassau Rockets batting - Pitching for Irvine Gang Green : LHP Millard Curtis
Batting: SHB Joaquín López 0-0: Ground out 5-3 (Groundball, 5)
Batting: LHB Wilson Allen 0-0: Called Strike
0-1: Ball
1-1: Ball
2-1: Swinging Strike
2-2: Ball
3-2: DOUBLE (Groundball, 3L)
Batting: LHB Andrew Alvarado 0-0: Fly out, F5 (Popup, 15S)
Batting: LHB Juan Romero 0-0: SINGLE (Groundball, 4MD)
Wilson Allen to third
Runner from 3rd tries for Home, SAFE, throw made home
Batting: RHB Kenji Kudo 0-0: Ball
1-0: Ball
2-0: Ball
3-0: Base on Balls
Juan Romero to second
Batting: RHB Salvador Borbón 0-0: Ball
1-0: Foul Ball, location: 2F
1-1: Swinging Strike
1-2: Ball
2-2: Strikes out swinging
Top of the 3rd over - 1 run, 2 hits, 0 errors, 2 left on base; Nassau 1 - Irvine 0
BOTTOM OF THE 3RD
Irvine Gang Green batting - Pitching for Nassau Rockets : LHP Ben Moody
Batting: RHB Ronnie Brown 0-0: Called Strike
0-1: Swinging Strike
0-2: Ground out 5-3 (Groundball, 56)
Batting: LHB Tom Baker 0-0: Ball
1-0: Ball
2-0: Ball
3-0: Base on Balls
Batting: RHB Tyler Wagner 0-0: Called Strike
0-1: SINGLE (Line Drive, 89S)
Tom Baker to second
Batting: RHB Don Hooper 0-0: Swinging Strike
0-1: Foul Ball, location: 2F
0-2: Foul Ball, location: 2F
0-2: Ball
1-2: Foul Ball, location: 2F
1-2: Strikes out swinging
Batting: RHB Eduardo García 0-0: Ball
1-0: Ball
2-0: Fly out, F4 (Flyball, 4D)
Bottom of the 3rd over - 0 runs, 1 hit, 0 errors, 2 left on base; Nassau 1 - Irvine 0
TOP OF THE 4TH
Nassau Rockets batting - Pitching for Irvine Gang Green : LHP Millard Curtis
Batting: LHB Don Ramey 0-0: Ball
1-0: Called Strike
1-1: Swinging Strike
1-2: Ball
2-2: Foul Ball, location: 2F
2-2: Foul Ball, location: 2F
2-2: Reaches on Catchers interference
Batting: SHB Edgardo Osorio 0-0: Ball
1-0: Ball
2-0: Called Strike
2-1: Fly out, F8 (Flyball, 78M)
Batting: RHB John Anderson 0-0: Called Strike
0-1: Ball
1-1: Ball
2-1: Ball
Wild Pitch!
Don Ramey to second
3-1: Called Strike
3-2: Strikes out swinging
Batting: SHB Joaquín López 0-0: Called Strike
0-1: Foul Ball, location: 2F
0-2: Ball
1-2: SINGLE (Groundball, 56D)
Don Ramey to third
Runner from 3rd tries for Home, SAFE, no throw
Batting: LHB Wilson Allen 0-0: Called Strike
0-1: Swinging Strike
0-2: Ball
1-2: Foul Ball, location: 2F
1-2: DOUBLE (Line Drive, 8RD)
Joaquín López to third
Batting: LHB Andrew Alvarado 0-0: Called Strike
0-1: Foul Ball, location: 2F
0-2: Ball
1-2: Foul Ball, location: 2F
1-2: Ball
2-2: Ball
3-2: Foul Ball, location: 2F
3-2: Fly out, F7 (Flyball, 7LD)
Top of the 4th over - 1 run, 2 hits, 1 error, 2 left on base; Nassau 2 - Irvine 0
BOTTOM OF THE 4TH
Irvine Gang Green batting - Pitching for Nassau Rockets : LHP Ben Moody
Batting: LHB José Sánchez 0-0: Ball
1-0: Fly out, F8 (Flyball, 89D)
Batting: RHB Wilson López 0-0: Called Strike
0-1: Swinging Strike
0-2: Strikes out swinging
Batting: RHB José Salazar 0-0: Foul Ball, location: 2F
0-1: Fly out, F7 (Line Drive, 78D)
Bottom of the 4th over - 0 runs, 0 hits, 0 errors, 0 left on base; Nassau 2 - Irvine 0
TOP OF THE 5TH
Nassau Rockets batting - Pitching for Irvine Gang Green : LHP Millard Curtis
Batting: LHB Juan Romero 0-0: Ball
1-0: Called Strike
1-1: Called Strike
1-2: Foul Ball, location: 2F
1-2: Foul Ball, location: 2F
1-2: Ground out 6-3 (Groundball, 6)
Batting: RHB Kenji Kudo 0-0: Ball
1-0: Ground out 6-3 (Groundball, 6)
Batting: RHB Salvador Borbón 0-0: Ball
1-0: Ball
2-0: Ball
3-0: Base on Balls
Batting: LHB Don Ramey 0-0: Foul Ball, location: 2F
0-1: Ball
1-1: Fielders Choice at 2nd, 6-4 (Groundball, 6)
Top of the 5th over - 0 runs, 0 hits, 0 errors, 1 left on base; Nassau 2 - Irvine 0
BOTTOM OF THE 5TH
Irvine Gang Green batting - Pitching for Nassau Rockets : LHP Ben Moody
Batting: RHB Tom Doherty 0-0: Ball
1-0: Ball
2-0: Called Strike
2-1: Called Strike
2-2: Ground out 4-3 (Groundball, 34)
Batting: RHB Ronnie Brown 0-0: Foul Ball, location: 2F
0-1: Foul Ball, location: 2F
0-2: Ball
1-2: Fly out, F9 (Flyball, 89S)
Batting: LHB Tom Baker 0-0: Ball
1-0: Foul Ball, location: 2F
1-1: Called Strike
1-2: Ball
2-2: Foul Ball, location: 2F
2-2: Reached on error, E5 (Groundball, 5L)
Batting: RHB Tyler Wagner 0-0: Ball
1-0: Ball
2-0: Called Strike
2-1: 2-RUN HOME RUN (Flyball, 7LD), Distance : 413 ft
Batting: RHB Don Hooper 0-0: Ball
1-0: Ground out 6-3 (Groundball, 6)
Bottom of the 5th over - 2 runs, 1 hit, 1 error, 0 left on base; Nassau 2 - Irvine 2
TOP OF THE 6TH
Nassau Rockets batting - Pitching for Irvine Gang Green : LHP Millard Curtis
Batting: SHB Edgardo Osorio 0-0: Called Strike
0-1: Ball
1-1: SINGLE (Groundball, 34) (infield hit)
Batting: RHB John Anderson 0-0: Ball
1-0: SINGLE (Groundball, 34D)
Edgardo Osorio to second
Runner from 2nd tries for 3rd, SAFE, no throw
Batting: SHB Joaquín López 0-0: Ball
1-0: Foul Ball, location: 2F
1-1: SINGLE (Line Drive, 4MD)
Edgardo Osorio scores
John Anderson to second
Batting: LHB Wilson Allen 0-0: Ball
1-0: Ball
2-0: Ground out 4-3 (Groundball, 34D)
John Anderson to third
Joaquín López to second
Batting: LHB Andrew Alvarado 0-0: Ball
1-0: Ball
2-0: Swinging Strike
2-1: Fly out, F7 (Flyball, 7S)
Runner from 3rd tags up, SCORES, throw made
Batting: LHB Juan Romero 0-0: Called Strike
0-1: Ball
1-1: 2-RUN HOME RUN (Flyball, 89XD), Distance : 434 ft
Pitching: RHP Brandon Williams
Batting: RHB Kenji Kudo 0-0: Called Strike
0-1: Foul Ball, location: 2F
0-2: Ball
1-2: Fly out, F9 (Flyball, 89XD)
Top of the 6th over - 4 runs, 4 hits, 0 errors, 0 left on base; Nassau 6 - Irvine 2
BOTTOM OF THE 6TH
Irvine Gang Green batting - Pitching for Nassau Rockets : LHP Ben Moody
Batting: RHB Eduardo García 0-0: Ground out 1-3 (Groundball, 15S)
Batting: LHB José Sánchez 0-0: Ball
1-0: Reached on error, E3 (Groundball, 3L)
Batting: RHB Wilson López 0-0: Ball
1-0: Called Strike
1-1: Ball
2-1: Called Strike
2-2: Foul Ball, location: 2F
2-2: Foul Ball, location: 2F
2-2: Foul Ball, location: 2F
2-2: Foul Ball, location: 2F
2-2: Ball
3-2: Fly out, F4 (Line Drive, 4)
Lined into DP, 4-3 (Line Drive, 4)
Bottom of the 6th over - 0 runs, 0 hits, 1 error, 0 left on base; Nassau 6 - Irvine 2
TOP OF THE 7TH
Nassau Rockets batting - Pitching for Irvine Gang Green : RHP Brandon Williams
Batting: RHB Salvador Borbón 0-0: Foul Ball, location: 2F
0-1: Ball
1-1: Fly out, F8 (Line Drive, 8LS)
Batting: LHB Don Ramey 0-0: Ball
1-0: Ball
2-0: Ball
3-0: Called Strike
3-1: Base on Balls
Batting: SHB Edgardo Osorio 0-0: SINGLE (Line Drive, 89M)
Don Ramey to second
Batting: RHB John Anderson 0-0: Ball
1-0: Called Strike
1-1: Ball
Pickoff Throw to Second - Error! E1
Don Ramey to third
Edgardo Osorio to second
2-1: Ground out 4-3 (Groundball, 4)
Batting: SHB Joaquín López 0-0: Foul Ball, location: 2F
0-1: Foul Ball, location: 2F
0-2: Fly out, F7 (Line Drive, 78M)
Top of the 7th over - 0 runs, 1 hit, 1 error, 2 left on base; Nassau 6 - Irvine 2
BOTTOM OF THE 7TH
Irvine Gang Green batting - Pitching for Nassau Rockets : LHP Ben Moody
Batting: RHB José Salazar 0-0: Ball
1-0: Foul Ball, location: 2F
1-1: Ball
2-1: Ball
3-1: Called Strike
3-2: Foul Ball, location: 2F
3-2: Foul Ball, location: 2F
3-2: Fly out, F8 (Flyball, 8LD)
Batting: RHB Tom Doherty 0-0: Ball
1-0: Ground out 5-3 (Groundball, 56)
Batting: RHB Ronnie Brown 0-0: Called Strike
0-1: Fly out, F9 (Flyball, 89S)
Bottom of the 7th over - 0 runs, 0 hits, 0 errors, 0 left on base; Nassau 6 - Irvine 2
TOP OF THE 8TH
Nassau Rockets batting - Pitching for Irvine Gang Green : RHP Brandon Williams
Batting: LHB Wilson Allen 0-0: Ball
1-0: Ground out U3 (Groundball, 3)
Batting: LHB Andrew Alvarado 0-0: Called Strike
0-1: Called Strike
0-2: Foul Ball, location: 2F
0-2: Ball
1-2: Fly out, F7 (Flyball, 78D)
Batting: LHB Juan Romero 0-0: Ball
1-0: DOUBLE (Line Drive, 7LM)
Batting: RHB Kenji Kudo 0-0: Ball
1-0: Foul Ball, location: 2F
1-1: Ground out 1-3 (Groundball, 15)
Top of the 8th over - 0 runs, 1 hit, 0 errors, 1 left on base; Nassau 6 - Irvine 2
BOTTOM OF THE 8TH
Irvine Gang Green batting - Pitching for Nassau Rockets : LHP Ben Moody
Batting: LHB Tom Baker 0-0: Swinging Strike
0-1: Ball
1-1: Ball
2-1: Ball
3-1: Base on Balls
Pitching: RHP Ju-choer Yi
Batting: RHB Tyler Wagner 0-0: Ball
1-0: Called Strike
1-1: Ball
2-1: Ball
3-1: Base on Balls
Tom Baker to second
Batting: RHB Don Hooper 0-0: Foul Ball, location: 2F
0-1: Ball
1-1: Foul Ball, location: 2F
1-2: Grounds into double play, 6-4-3 (Groundball, 6)
Tom Baker to third
Batting: RHB Eduardo García 0-0: Ground out 6-3 (Groundball, 6)
Bottom of the 8th over - 0 runs, 0 hits, 0 errors, 1 left on base; Nassau 6 - Irvine 2
TOP OF THE 9TH
Nassau Rockets batting - Pitching for Irvine Gang Green : RHP Brandon Williams
Batting: RHB Salvador Borbón 0-0: Ball
1-0: Foul Ball, location: 2F
1-1: Ground out 4-3 (Groundball, 4M)
Batting: LHB Don Ramey 0-0: Fly out, F8 (Flyball, 89M)
Batting: SHB Edgardo Osorio 0-0: Foul Ball, location: 2F
0-1: Hit by Pitch
Batting: RHB John Anderson 0-0: Called Strike
Edgardo Osorio steals 2nd base
0-1: SINGLE (Line Drive, 4MD)
Edgardo Osorio to third
Runner from 3rd tries for Home, SAFE, no throw
Pitching: RHP Joe Wilson
Batting: SHB Joaquín López 0-0: Called Strike
0-1: Swinging Strike
0-2: Ball
1-2: Strikes out looking
Top of the 9th over - 1 run, 1 hit, 0 errors, 1 left on base; Nassau 7 - Irvine 2
BOTTOM OF THE 9TH
Irvine Gang Green batting - Pitching for Nassau Rockets : RHP Ju-choer Yi
Batting: LHB José Sánchez 0-0: Ball
1-0: Called Strike
1-1: Foul Ball, location: 2F
1-2: Ball
2-2: SINGLE (Line Drive, 4D)
Batting: RHB Wilson López 0-0: Ball
1-0: Grounds into double play, 5-4-3 (Groundball, 5L)
Batting: RHB José Salazar 0-0: Ball
1-0: Ball
2-0: Foul Ball, location: 2F
2-1: Foul Ball, location: 2F
2-2: Ball
3-2: Foul Ball, location: 2F
3-2: Fly out, F7 (Line Drive, 7D)
Bottom of the 9th over - 0 runs, 1 hit, 0 errors, 0 left on base; Nassau 7 - Irvine 2
Saturday, December 16th, 2017 - OOTP Baseball 18.8 Build 76